 Dungeon Crawl Stone Soup version 0.28-a0-983-g1de4e0787c (webtiles) character file.

Game seed: 7010610182300388665

29 Decritt the Gusty (level 3, 0/19 HPs)
             Began as a Tengu Air Elementalist on Dec 3, 2021.
             Slain by a worm (10 damage)
             ... on level 1 of the Dungeon.
             The game lasted 00:02:20 (1412 turns).

Decritt the Gusty (Tengu Air Elementalist)          Turns: 1412, Time: 00:02:21

Health: 0/19       AC:  2    Str:  8    XL:     3   Next: 16%
Magic:  2/7        EV: 13    Int: 17    God:
Gold:   39         SH:  0    Dex: 20    Spells: 5/6 levels left

rFire   . . .      SeeInvis .   e - +0 dagger
rCold   . . .      Faith    .   (no shield)
rNeg    . . .      Spirit   .   a - +0 robe
rPois   .          Reflect  .   (helmet restricted)
rElec   .          Harm     .   (no cloak)
rCorr   .          Rampage  .   (no gloves)
Will    .....                   (boots unavailable)
Stlth   ++........              (no amulet)
HPRegen 0.06/turn               d - +6 ring of dexterity
MPRegen 0.10/turn               (no ring)

@: no status effects
A: beak, talons 3
a: no special abilities


You were on level 1 of the Dungeon.
You visited 1 branch of the dungeon, and saw 2 of its levels.

You collected 39 gold pieces.

Inventory:

Hand Weapons
 e - a +0 dagger (weapon)
Missiles
 c - 9 poisoned darts (quivered)
Armour
 a - a +0 robe (worn)
Jewellery
 d - a +6 ring of dexterity (left hand)
 h - a ring of protection from fire
Scrolls
 f - a scroll of identify {unknown}
 i - a scroll of immolation {unknown}
 j - a scroll of magic mapping {unknown}
Potions
 b - a potion of might {unknown}
 g - a potion of mutation {unknown}


   Skills:
 - Level 2.1 Dodging
 - Level 2.0 Stealth
 + Level 2.3 Spellcasting
 + Level 2.2 Conjurations
 * Level 4.9 Air Magic


You had 5 spell levels left.
You knew the following spells:

 Your Spells              Type           Power      Damage    Failure   Level
a - Shock                 Conj/Air       56%        1d6       4%          1

Your spell library contained the following spells:

 Spells                   Type           Power      Damage    Failure   Level
 Static Discharge         Conj/Air       14%        N/A       6%          2
 Swiftness                Air            18%        N/A       8%          3
 Mephitic Cloud           Conj/Pois/Air  10%        N/A       22%         3
 Airstrike                Air            9%         N/A       24%         4
 Ignite Poison            Fire/Tmut/Pois 2%         N/A       50%         3
 Freezing Cloud           Conj/Ice/Air   5%         6-21      89%         5


Dungeon Overview and Level Annotations

Branches:
Dungeon (2/15)

Altars:


Innate Abilities, Weirdness & Mutations

You have a beak for a mouth.
You have claws for feet.


Message History

The zap hits the worm.
The worm is lightly wounded.
The worm barely misses you.
Casting: Shock (safe; 4% risk of failure)
Confirm with . or Enter, or press ? or * to list all spells.
Aiming: Shock (safe; 4% risk of failure)
Press: ? - help, Shift-Dir - straight line, f/p - worm
Aim: a worm (lightly wounded, poisoned, 90% to hit)
The zap hits the worm.
The worm is moderately wounded.
The worm looks more healthy.
Throw: 14 darts (poison)
Press: ? - help, Q - select action, (/) - cycle Shift-Dir - straight line, f/p - worm
Aim: a worm (moderately wounded, 79% to hit)
You throw a poisoned dart.
The poisoned dart completely misses the worm.
Throw: 13 darts (poison)
Press: ? - help, Q - select action, (/) - cycle Shift-Dir - straight line, f/p - worm
Aim: a worm (lightly wounded, 79% to hit)
You throw a poisoned dart.
The poisoned dart barely misses the worm.
You throw a poisoned dart. The poisoned dart hits the worm.
The worm is poisoned.
The worm is lightly wounded.
You throw a poisoned dart. The poisoned dart hits the worm.
The worm looks even sicker.
The worm is lightly wounded.
You throw a poisoned dart. The poisoned dart hits the worm.
The worm is lightly wounded.
You hit the worm but do no damage. Your kick misses the worm.
Your peck misses the worm.
The worm is moderately wounded.
The worm closely misses you.
You hit the worm.
The worm is heavily wounded.
You hit the worm.
The worm is severely wounded.
The worm bites you!
Ouch! That really hurt!
You die...

#.....♣.P♣...............#...###.
#..............#..######.##..#...
###########....#.## ##........#
###### ##....#.# ####........#.
.....# ##.......# #......#######
.....# #......### #......# ##...
.....####.##...#####......###....
......................[...##.....
#########.#(.((w@..#.#....#......
#..(.........#......#..##......
###......♣.♣.^.##.......#.#......
.(#...(....#...#..##)..#.........
.........♣.♣.....###.#..#.#......
................####.##..##......
.........♣.♣##.##.........#......
.(..##..#......##(........##.....
.....P..P..######.........###....


You could see a worm (very poisoned).

Vanquished Creatures
  A dart slug (D:1)
  A ball python (D:1)
  3 endoplasms (D:1)
  2 giant cockroaches (D:1)
  2 goblins (D:1)
  5 hobgoblins (D:1)
  2 quokkas (D:1)
  A bat (D:1)
  4 frilled lizards (D:1)
  A kobold (D:1)
  3 rats (D:1)
25 creatures vanquished.

Vanquished Creatures (others)
  3 plants (D:1)
3 creatures vanquished.

Grand Total: 28 creatures vanquished

Notes
Turn   | Place    | Note
-------+----------+-------------------------------------------
     0 | D:1      | Decritt the Tengu Air Elementalist began the quest for the
                  | Orb.
     0 | D:1      | Reached XP level 1. HP: 10/10 MP: 4/4
   321 | D:1      | Reached XP level 2. HP: 15/15 MP: 1/6
   742 | D:1      | Reached XP level 3. HP: 16/19 MP: 1/7
  1412 | D:1      | Slain by a worm

Illustrated notes

Levels and vault maps discovered:
D:1:      psy_arrival_dodecagon, layout_rooms, serial_forest,
          infiniplex_forest_clump_medium, infiniplex_forest_clump_double,
          infiniplex_forest_straight_4, infiniplex_forest_join,
          infiniplex_forest_clump_double, infiniplex_forest_lined_1,
          infiniplex_forest_lined_room_3, minmay_small_reverse_x
D:2:      layout_basic, basic_altar, nicolae_ecumenical_oubliette, serial_glass,
          glass_columns_a, glass_columns_a, glass_columns_c

Skill      XL: |  1  2 |
---------------+-------+-----
Conjurations   | 2 |  2.2
Dodging        | |  2.1
Stealth        | |  2.0
Spellcasting   | |  2.3
Air Magic      | |  4.9

Action                   || total
-------------------------++-------
Melee: Peck              ||     5
       Unarmed           ||     3
       Dagger            ||    26
       Kick              ||     5
Throw: Dart              ||    20
 Cast: Shock             ||    44
Armor: Robe              ||     5
Dodge: Dodged            ||    23

Table legend: (Time is in decaauts)
 A = Elapsed time spent in this place.
 B = Non-inter-level travel time spent in this place.
 C = Inter-level travel time spent in this place.
 D = Time resting spent in this place.
 E = Time spent auto-exploring this place.
 F = Levels seen in this place.
 G = Mean time per level.
                   A        B        C        D        E       F      G
               +--------+--------+--------+--------+--------+-----+--------+
         Total |   1411 |   1386 |     25 |    134 |   1056 |   2 |  705.5 |
       Dungeon |   1411 |   1386 |     25 |    134 |   1056 |   2 |  705.5 |
               +--------+--------+--------+--------+--------+-----+--------+

Top non-repeatable levels by time:
     D:1: 1402 daAuts
     D:2: 8 daAuts
